[ AOE2 MATCH · #506667915 ]
UnrankedMaya vs Burmese
Player's team · LOSS
Rival team · WIN
[ REPLAY ANALYSIS · EXTRACTED FROM THE RECORDED GAME ]
Feudal
11:11
Castle
22:54
Imperial
—
| APM avg | 53.1 |
| APM peak | 90 |
| eAPM avg | 23.8 |
| Villagers / military | 199 / 154 |
Focus
⚔️ 42.5% · 🌾 57.5%
Archer ×85 · Spearman ×34 · Plumed Archer ×13 · Militia ×8 · Skirmisher ×6 · Mangonel ×5
Feudal
9:06
Castle
23:49
Imperial
—
| APM avg | 47.6 |
| APM peak | 92 |
| eAPM avg | 20.5 |
| Villagers / military | 70 / 157 |
Focus
⚔️ 41.6% · 🌾 58.4%
Knight ×121 · Battering Ram ×12 · Skirmisher ×10 · Arambai ×7 · Scout Cavalry ×4 · Archer ×2
Match map
Initial resources + every placement click. Lines = walls · curves = elevation contours. ◆ gold · ⬟ stone · ● berries · ✦ relic · ◌ wall gap
Your base· Open — 1t gap
NaBhai's base· Open — unwalled flank
Smoothed initial terrain · ◌ = detected wall gap · hover for details
Inputs per minute
— PhishStickPhilanthropist - - NaBhai
Build order — PhishStickPhilanthropist
First 150 of 514 actions detected
| 0:01 | Queue | Villager (Male) |
| 0:01 | Queue | Villager (Male) |
| 0:03 | Build | House |
| 0:05 | Build | House |
| 0:07 | Research | Loom |
| 0:11 | Queue | Villager (Male) |
| 0:12 | Queue | Villager (Male) |
| 0:24 | Queue | Villager (Male) |
| 0:24 | Queue | Villager (Male) |
| 1:30 | Queue | Villager (Male) |
| 1:57 | Queue | Villager (Male) |
| 1:59 | Build | Lumber Camp |
| 2:25 | Queue | Villager (Male) |
| 2:25 | Queue | Villager (Male) |
| 2:51 | Queue | Villager (Male) |
| 2:51 | Queue | Villager (Male) |
| 3:17 | Queue | Villager (Male) |
| 3:32 | Build | House |
| 3:44 | Queue | Villager (Male) |
| 3:46 | Queue | Villager (Male) |
| 4:37 | Queue | Villager (Male) |
| 4:53 | Build | Barracks |
| 4:58 | Queue | Villager (Male) |
| 5:01 | Queue | Villager (Male) |
| 5:14 | Queue | Villager (Male) |
| 5:16 | Build | House |
| 5:49 | Queue | Militia |
| 5:50 | Queue | Militia |
| 6:04 | Queue | Villager (Male) |
| 6:15 | Build | House |
| 6:26 | Queue | Militia |
| 6:45 | Queue | Villager (Male) |
| 6:54 | Build | Palisade Wall |
| 6:58 | Build | Palisade Wall |
| 7:09 | Queue | Villager (Male) |
| 7:28 | Build | Mill |
| 7:42 | Queue | Villager (Male) |
| 7:55 | Queue | Villager (Male) |
| 8:20 | Queue | Villager (Male) |
| 9:01 | Research | Feudal Age |
| 9:13 | Build | House |
| 9:15 | Build | Palisade Wall |
| 9:32 | Queue | Militia |
| 9:39 | Build | Mining Camp |
| 9:50 | Queue | Militia |
| 9:55 | Queue | Villager (Male) |
| 10:02 | Build | House |
| 10:16 | Build | Mill |
| 10:32 | Queue | Villager (Male) |
| 11:08 | Queue | Villager (Male) |
| 11:11 | Age | Feudal Age |
| 11:13 | Research | Man-at-Arms (upgrade) |
| 11:19 | Build | Archery Range |
| 11:23 | Research | Double-Bit Axe |
| 11:35 | Queue | Villager (Male) |
| 12:12 | Queue | Villager (Male) |
| 12:14 | Build | House |
| 12:24 | Queue | Skirmisher |
| 12:43 | Queue | Skirmisher |
| 12:44 | Queue | Villager (Male) |
| 12:46 | Build | Blacksmith |
| 12:48 | Build | House |
| 12:52 | Queue | Skirmisher |
| 12:56 | Queue | Villager (Male) |
| 12:58 | Build | Farm |
| 13:00 | Build | Farm |
| 13:05 | Queue | Skirmisher |
| 13:14 | Queue | Villager (Male) |
| 13:17 | Build | House |
| 13:23 | Build | Farm |
| 13:41 | Queue | Villager (Male) |
| 13:42 | Build | Farm |
| 13:58 | Queue | Villager (Male) |
| 14:00 | Build | Farm |
| 14:32 | Research | Fletching |
| 14:33 | Queue | Villager (Male) |
| 14:33 | Queue | Villager (Male) |
| 14:46 | Queue | Skirmisher |
| 14:49 | Build | Archery Range |
| 15:08 | Queue | Skirmisher |
| 15:09 | Queue | Villager (Male) |
| 15:10 | Queue | Archer |
| 15:10 | Queue | Archer |
| 15:29 | Queue | Villager (Male) |
| 15:30 | Queue | Archer |
| 15:31 | Queue | Archer |
| 15:47 | Queue | Archer |
| 15:47 | Queue | Archer |
| 15:48 | Queue | Villager (Male) |
| 15:48 | Queue | Villager (Male) |
| 15:51 | Build | Farm |
| 15:51 | Build | Farm |
| 15:52 | Build | Farm |
| 16:18 | Build | Farm |
| 16:19 | Build | Farm |
| 16:20 | Build | Farm |
| 16:21 | Queue | Villager (Male) |
| 16:24 | Build | House |
| 16:45 | Build | Farm |
| 16:46 | Queue | Villager (Male) |
| 16:50 | Queue | Archer |
| 16:50 | Queue | Archer |
| 16:53 | Queue | Villager (Male) |
| 16:58 | Build | Palisade Wall |
| 17:00 | Build | Palisade Wall |
| 17:02 | Queue | Archer |
| 17:02 | Queue | Archer |
| 17:27 | Queue | Villager (Male) |
| 17:30 | Queue | Villager (Male) |
| 17:38 | Queue | Villager (Male) |
| 17:41 | Build | Farm |
| 17:41 | Build | Farm |
| 18:10 | Queue | Archer |
| 18:10 | Queue | Archer |
| 18:10 | Queue | Villager (Male) |
| 18:12 | Build | Farm |
| 18:13 | Build | Farm |
| 18:19 | Queue | Spearman |
| 18:19 | Queue | Spearman |
| 18:34 | Queue | Archer |
| 18:34 | Queue | Archer |
| 18:35 | Queue | Spearman |
| 18:42 | Queue | Villager (Male) |
| 18:45 | Build | Farm |
| 19:08 | Build | Farm |
| 19:10 | Build | Lumber Camp |
| 19:17 | Queue | Villager (Male) |
| 20:02 | Build | Barracks |
| 20:06 | Build | House |
| 20:14 | Research | Castle Age |
| 20:15 | Research | Castle Age |
| 20:15 | Research | Castle Age |
| 20:24 | Build | Stone Wall |
| 20:28 | Build | Stone Wall |
| 20:39 | Queue | Villager (Male) |
| 20:55 | Queue | Archer |
| 20:55 | Queue | Archer |
| 20:56 | Research | Padded Archer Armor |
| 20:57 | Queue | Villager (Male) |
| 21:06 | Queue | Spearman |
| 21:06 | Queue | Spearman |
| 21:15 | Queue | Villager (Male) |
| 21:17 | Build | House |
| 21:18 | Build | House |
| 21:28 | Research | Scale Mail Armor |
| 21:28 | Research | Forging |
| 21:34 | Research | Gold Mining |
| 21:41 | Research | Horse Collar |
| 21:44 | Queue | Archer |
| 21:45 | Queue | Archer |
Build order — NaBhai
First 150 of 335 actions detected
| 0:00 | Queue | Villager (Male) |
| 0:01 | Queue | Villager (Male) |
| 0:01 | Queue | Villager (Male) |
| 0:01 | Queue | Villager (Male) |
| 0:02 | Build | House |
| 0:03 | Build | House |
| 1:32 | Queue | Villager (Male) |
| 1:48 | Build | Mill |
| 1:57 | Queue | Villager (Male) |
| 2:23 | Queue | Villager (Male) |
| 2:56 | Queue | Villager (Male) |
| 2:56 | Queue | Villager (Male) |
| 3:08 | Build | House |
| 3:31 | Queue | Villager (Male) |
| 3:31 | Queue | Villager (Male) |
| 4:15 | Queue | Villager (Male) |
| 4:56 | Queue | Villager (Male) |
| 5:11 | Queue | Villager (Male) |
| 5:20 | Build | Lumber Camp |
| 5:41 | Queue | Villager (Male) |
| 5:42 | Research | Loom |
| 6:56 | Research | Feudal Age |
| 7:20 | Build | House |
| 7:22 | Build | Barracks |
| 8:05 | Build | House |
| 8:08 | Build | Palisade Gate |
| 8:11 | Build | House |
| 8:15 | Build | Palisade Wall |
| 8:21 | Build | Palisade Wall |
| 9:04 | Queue | Villager (Male) |
| 9:06 | Age | Feudal Age |
| 9:14 | Build | Archery Range |
| 9:19 | Queue | Villager (Male) |
| 9:39 | Queue | Villager (Male) |
| 9:58 | Queue | Archer |
| 9:59 | Queue | Skirmisher |
| 9:59 | Queue | Skirmisher |
| 10:07 | Queue | Villager (Male) |
| 10:30 | Queue | Villager (Male) |
| 10:43 | Queue | Villager (Male) |
| 11:01 | Build | Mining Camp |
| 11:07 | Queue | Skirmisher |
| 11:24 | Build | Mill |
| 11:33 | Build | Archery Range |
| 11:40 | Queue | Villager (Male) |
| 11:42 | Queue | Villager (Male) |
| 11:44 | Build | Palisade Wall |
| 11:45 | Build | Palisade Wall |
| 11:57 | Build | Palisade Wall |
| 12:00 | Build | Palisade Wall |
| 12:01 | Build | Palisade Wall |
| 12:13 | Queue | Villager (Male) |
| 12:22 | Queue | Skirmisher |
| 12:23 | Queue | Villager (Male) |
| 12:47 | Queue | Villager (Male) |
| 13:07 | Queue | Villager (Male) |
| 13:14 | Build | Farm |
| 13:15 | Build | Farm |
| 13:15 | Build | Farm |
| 13:15 | Build | Farm |
| 13:15 | Build | Farm |
| 13:16 | Build | Farm |
| 13:16 | Build | Farm |
| 13:16 | Build | Farm |
| 13:29 | Queue | Archer |
| 13:31 | Queue | Villager (Male) |
| 13:54 | Build | Watch Tower |
| 14:00 | Build | House |
| 14:04 | Build | Palisade Wall |
| 14:48 | Queue | Villager (Male) |
| 14:50 | Build | Farm |
| 14:51 | Build | Farm |
| 14:53 | Build | Farm |
| 15:25 | Queue | Villager (Male) |
| 15:25 | Queue | Villager (Male) |
| 15:26 | Queue | Skirmisher |
| 15:27 | Queue | Skirmisher |
| 15:46 | Queue | Villager (Male) |
| 15:54 | Build | Stable |
| 16:03 | Queue | Villager (Male) |
| 16:09 | Queue | Villager (Male) |
| 16:13 | Build | Farm |
| 16:14 | Build | Farm |
| 16:15 | Queue | Skirmisher |
| 16:16 | Queue | Skirmisher |
| 16:31 | Queue | Scout Cavalry |
| 16:32 | Queue | Scout Cavalry |
| 16:33 | Queue | Villager (Male) |
| 16:39 | Build | Farm |
| 16:44 | Build | Farm |
| 16:49 | Build | Farm |
| 16:56 | Queue | Villager (Male) |
| 16:59 | Build | House |
| 17:05 | Build | House |
| 17:22 | Build | Farm |
| 17:23 | Queue | Scout Cavalry |
| 17:40 | Queue | Scout Cavalry |
| 18:00 | Queue | Villager (Male) |
| 18:05 | Build | Farm |
| 18:34 | Queue | Skirmisher |
| 18:34 | Queue | Villager (Male) |
| 18:51 | Queue | Villager (Male) |
| 18:54 | Build | Blacksmith |
| 18:56 | Queue | Villager (Male) |
| 18:59 | Queue | Skirmisher |
| 19:09 | Queue | Villager (Male) |
| 19:17 | Build | Mining Camp |
| 19:29 | Build | House |
| 19:30 | Build | House |
| 19:33 | Research | Fletching |
| 19:34 | Research | Fletching |
| 20:01 | Build | Lumber Camp |
| 21:00 | Build | Watch Tower |
| 21:09 | Research | Castle Age |
| 21:15 | Build | Stable |
| 21:30 | Research | Padded Archer Armor |
| 22:16 | Research | Horse Collar |
| 22:17 | Research | Horse Collar |
| 22:52 | Research | Bloodlines |
| 22:52 | Research | Bloodlines |
| 22:54 | Research | Scale Barding Armor |
| 22:55 | Research | Scale Barding Armor |
| 23:40 | Build | Market |
| 23:43 | Research | Forging |
| 23:49 | Age | Castle Age |
| 23:52 | Queue | Knight |
| 23:52 | Queue | Knight |
| 24:06 | Research | Husbandry |
| 24:06 | Research | Husbandry |
| 24:21 | Queue | Knight |
| 24:33 | Research | Chain Barding Armor |
| 24:40 | Queue | Villager (Male) |
| 24:55 | Queue | Knight |
| 24:55 | Queue | Knight |
| 24:58 | Build | Farm |
| 24:58 | Build | Farm |
| 25:07 | Queue | Villager (Male) |
| 25:36 | Queue | Knight |
| 25:36 | Queue | Knight |
| 25:53 | Queue | Knight |
| 25:53 | Queue | Knight |
| 25:54 | Queue | Villager (Male) |
| 26:02 | Build | House |
| 26:04 | Build | House |
| 26:26 | Queue | Knight |
| 26:54 | Queue | Knight |
| 26:54 | Queue | Knight |
| 26:55 | Queue | Villager (Male) |
| 27:03 | Build | Castle |
| 27:13 | Queue | Knight |
Match timeline
| 4:53 | PhishStickPhilanthropist · first_building Barracks |
| 6:54 | PhishStickPhilanthropist · wall_segment Palisade Wall x6 |
| 6:58 | PhishStickPhilanthropist · wall_segment Palisade Wall x12 |
| 7:22 | NaBhai · first_building Barracks |
| 8:15 | NaBhai · wall_segment Palisade Wall x1 |
| 8:21 | NaBhai · wall_segment Palisade Wall x1 |
| 9:06 | NaBhai · age_up feudal |
| 9:14 | NaBhai · first_building Archery Range |
| 9:15 | PhishStickPhilanthropist · wall_segment Palisade Wall x11 |
| 11:11 | PhishStickPhilanthropist · age_up feudal |
| 11:19 | PhishStickPhilanthropist · first_building Archery Range |
| 11:44 | NaBhai · wall_segment Palisade Wall x1 |
| 11:45 | NaBhai · wall_segment Palisade Wall x1 |
| 11:57 | NaBhai · wall_segment Palisade Wall x1 |
| 12:00 | NaBhai · wall_segment Palisade Wall x1 |
| 12:01 | NaBhai · wall_segment Palisade Wall x1 |
| 14:04 | NaBhai · wall_segment Palisade Wall x1 |
| 15:54 | NaBhai · first_building Stable |
| 16:58 | PhishStickPhilanthropist · wall_segment Palisade Wall x8 |
| 17:00 | PhishStickPhilanthropist · wall_segment Palisade Wall x5 |
| 20:24 | PhishStickPhilanthropist · wall_segment Stone Wall x1 |
| 20:28 | PhishStickPhilanthropist · wall_segment Stone Wall x1 |
| 22:54 | PhishStickPhilanthropist · age_up castle |
| 23:46 | PhishStickPhilanthropist · first_building Siege Workshop |
| 23:49 | NaBhai · age_up castle |
| 24:28 | NaBhai · first_market_buy 100 food |
| 24:33 | NaBhai · first_market_sell 100 wood |
| 27:03 | NaBhai · first_building Castle |
| 27:16 | NaBhai · first_building Monastery |
| 28:09 | NaBhai · first_building Siege Workshop |
| 28:54 | PhishStickPhilanthropist · first_building Monastery |
| 31:01 | PhishStickPhilanthropist · first_market_sell 100 wood |
| 31:03 | PhishStickPhilanthropist · first_market_buy 100 stone |
| 34:45 | PhishStickPhilanthropist · wall_segment Stone Wall x8 |
| 35:05 | PhishStickPhilanthropist · first_building Castle |
| 46:46 | PhishStickPhilanthropist · resign |
[ AI ANALYSIS · 1 CREDIT ]
What really happened in this match?
Wolo.gg analyzes every decision: build order, eco, micro, common mistakes by bracket. Personalized analysis on WhatsApp or Discord in 30 seconds.
Civ guide
Maya
Perfil
Jugador #26068174